 Dungeon Crawl Stone Soup version 0.29.1-12-g30fa7ad0bf (webtiles) character file.

Game seed: 9817443858042100919

544 MajorAdolf the Sneak (level 7, -4/63 HPs)
             Began as a Naga Wanderer on Dec 21, 2022.
             Slain by a wyvern (10 damage)
             ... on level 5 of the Dungeon.
             The game lasted 00:08:43 (5725 turns).

MajorAdolf the Sneak (Naga Wanderer)                Turns: 5725, Time: 00:08:43

Health: -4/63      AC: 12    Str: 12    XL:     7   Next: 27%
Magic:  9/9        EV: 10    Int: 14    God:
Gold:   161        SH:  0    Dex: 15    Spells: 5/9 levels left

rFire   + . .      SeeInvis +   w - +0 dagger (protect)
rCold   . . .      Faith    .   (no shield)
rNeg    . . .      Spirit   .   s - +1 robe
rPois   +          Reflect  .   (no helmet)
rElec   .          Harm     .   (no cloak)
rCorr   .          Rampage  .   b - +0 pair of gloves
Will    .....                   (no barding)
Stlth   +++.......              (no amulet)
HPRegen 0.20/turn               y - ring of protection from fire
MPRegen 0.11/turn               (no ring)

@: short of breath, under a protective aura, unable to read, very slow
A: AC +2, large, see invisible, deformed body, poison resistance, slowness 2,
spit poison 2, naga tail 1, agile 1, inability to read after injury 1
a: Breathe Poison Gas


You were on level 5 of the Dungeon.
You visited 1 branch of the dungeon, and saw 6 of its levels.

You collected 161 gold pieces.

Inventory:

Hand Weapons
 a - a +2 short sword
 k - a +1 vorpal hand axe
 l - a +0 sling
 w - a +0 dagger of protection (weapon)
Missiles
 m - 66 stones
 n - 3 javelins
Armour
 b - a +0 pair of gloves (worn)
 d - a +0 robe
 s - a +1 robe (worn)
Magical Staves
 o - a staff of fire
Jewellery
 u - a ring of fire
 y - a ring of protection from fire (left hand)
Scrolls
 c - a scroll of fog
 i - a scroll of fear {unknown}
 j - 2 scrolls of magic mapping
 v - 2 scrolls of enchant armour
 B - a scroll of poison {unknown}
Potions
 e - 2 potions of magic {unknown}
 f - a potion of mutation
 g - a potion of heal wounds {unknown}
 h - 2 potions of lignification {unknown}
 p - a potion of invisibility {unknown}
 q - 5 potions of curing {unknown}
 r - 2 potions of haste {unknown}
 t - 2 potions of might {unknown}
 x - 2 potions of cancellation {unknown}
 z - a potion of ambrosia {unknown}
 A - 2 potions of attraction {unknown}


   Skills:
 + Level 3.6 Fighting
 - Level 5.0 Short Blades
 + Level 2.5 Ranged Weapons
 - Level 2.0 Dodging
 + Level 5.1 Stealth
 + Level 1.5 Spellcasting
 - Level 2.0 Summonings
 + Level 1.2 Transmutations
 + Level 1.2 Fire Magic
 + Level 1.5 Poison Magic


You had 5 spell levels left.
You knew the following spells:

 Your Spells              Type           Power      Damage    Failure   Level
a - Summon Small Mammal   Summ           24%        N/A       11%         1
b - Ignite Poison         Fire/Tmut/Pois 4%         N/A       41%         3

Your spell library contained the following spells:

 Spells                   Type           Power      Damage    Failure   Level
 Call Canine Familiar     Summ           6%         N/A       32%         3
 Conjure Flame            Conj/Fire      2%         6-21      50%         3
 Gell's Gravitas          Tloc           1%         N/A       58%         3
 Teleport Other           Tloc           1%         N/A       58%         3
 Sticky Flame             Conj/Fire      2%         2d3       88%         4
 Dispersal                Tloc           0%         N/A       100%        6


Dungeon Overview and Level Annotations

Branches:
Dungeon (6/15)
 Temple: D:4-7

Altars:


Innate Abilities, Weirdness & Mutations

Your serpentine skin is tough. (AC +2)
You have supernaturally acute eyesight. (SInv)
Armour fits poorly on your strangely shaped body.
Your system is resistant to poisons. (rPois)
You cover ground very slowly.
You can exhale a cloud of poison.
You have a snake-like lower body.
You are agile. (Dex +4, Str/Int -1)
You occasionally lose the ability to read scrolls when taking damage.


Message History

The wyvern is moderately wounded.
The wyvern bites you!
You can't do that yet.
Unknown command.
You hit the wyvern but do no damage.
The wyvern is moderately wounded.
The wyvern bites you!
You feel threatened and lose the ability to read scrolls!
The wyvern barely misses you.
You barely miss the wyvern.
The wyvern is moderately wounded.
The wyvern bites you but does no damage.
You hit the wyvern but do no damage.
The wyvern is moderately wounded.
The wyvern closely misses you.
You hit the wyvern but do no damage.
The wyvern is moderately wounded.
The wyvern closely misses you.
You hit the wyvern but do no damage.
The wyvern is moderately wounded.
The wyvern bites you.
* * * LOW HITPOINT WARNING * * *
You barely miss the wyvern.
The wyvern is moderately wounded.
The wyvern barely misses you.
You closely miss the wyvern.
The wyvern is moderately wounded.
The wyvern barely misses you.
You hit the wyvern.
The wyvern is moderately wounded.
The wyvern closely misses you.
You hit the wyvern but do no damage.
The wyvern is moderately wounded.
The wyvern barely misses you.
You hit the wyvern but do no damage.
The wyvern is moderately wounded.
The wyvern bites you!
* * * LOW HITPOINT WARNING * * *
The wyvern bites you!
You die...

#................
#................
...........[.....
.................
.................
.................
#................
#.......l#.....#.
####.#!#.@######
# #.....####
####.....## #
##.##..#.# .## #.
#..##...# ...##.
##....### .....
##.#..# ....#
#.##.# #..##
##..#...


You could see a wyvern.

Vanquished Creatures
  An ogre (D:4)
  Blork the orc (D:4)
  A hound (D:6)
  An orc priest (D:3)
  Jessica (D:2)
  Terence (D:2)
  An iguana (D:6)
  2 orc wizards (D:4)
  Natasha (thrice) (D:4)
  6 adders
  A worm (D:2)
  2 dart slugs (D:4)
  6 orcs
  8 bats
  4 endoplasms (D:4)
  3 giant cockroaches
  5 goblins
  5 hobgoblins
  4 jackals (D:2)
  12 kobolds
  2 quokkas
  7 ball pythons
  2 frilled lizards
  7 rats
86 creatures vanquished.

Notes
Turn   | Place    | Note
-------+----------+-------------------------------------------
     0 | D:1      | MajorAdolf the Naga Wanderer began the quest for the Orb.
     0 | D:1      | MajorAdolf set off with the following items: a +2 short
                  | sword, a +0 pair of gloves, a scroll of fog, a +0 robe; and
                  | the following spell memorised: Summon Small Mammal; and the
                  | following spells available to memorise: Call Canine
                  | Familiar.
     0 | D:1      | Reached XP level 1. HP: 19/19 MP: 2/2
   299 | D:1      | Reached XP level 2. HP: 14/26 MP: 3/3
  1346 | D:2      | Reached XP level 3. HP: 23/33 MP: 4/4
  1932 | D:2      | Noticed Jessica
  1934 | D:2      | Killed Jessica
  1935 | D:2      | Reached skill level 1 in Ranged Weapons
  1935 | D:2      | Reached XP level 4. HP: 40/40 MP: 5/5
  1954 | D:2      | Noticed Terence
  1968 | D:2      | Gained mutation: You are agile. (Dex +4, Str/Int -1)
                  | [potion of mutation]
  1968 | D:2      | Gained mutation: You occasionally lose the ability to read
                  | scrolls when taking damage. [potion of mutation]
  1968 | D:2      | Gained mutation: You can exhale a cloud of poison. [potion
                  | of mutation]
  1970 | D:2      | Killed Terence
  1971 | D:2      | Reached skill level 1 in Dodging
  2682 | D:2      | Reached XP level 5. HP: 48/48 MP: 6/6
  2918 | D:3      | Found a faded altar of an unknown god.
  3499 | D:3      | Found a faded altar of an unknown god.
  3526 | D:4      | Noticed Natasha
  3528 | D:4      | Noticed Blork the orc
  3532 | D:4      | Killed Natasha
  3653 | D:4      | Killed Blork the orc
  3654 | D:4      | Reached XP level 6. HP: 56/56 MP: 7/7
  3740 | D:4      | You fall into a shaft and drop 2 floors!
  3782 | D:6      | Learned a level 3 spell: Ignite Poison
  3805 | D:6      | Noticed a steam dragon
  3911 | D:6      | Reached skill level 5 in Short Blades
  3951 | D:5      | Entered Level 5 of the Dungeon
  4149 | D:4      | Noticed Natasha
  4236 | D:4      | Killed Natasha
  4617 | D:4      | Reached skill level 1 in Poison Magic
  4824 | D:4      | Reached XP level 7. HP: 58/62 MP: 8/8
  4994 | D:4      | Reached skill level 5 in Stealth
  4994 | D:4      | Reached skill level 1 in Transmutations
  4994 | D:4      | Reached skill level 1 in Fire Magic
  5028 | D:4      | Noticed Natasha
  5218 | D:4      | Killed Natasha
  5705 | D:5      | Noticed a wyvern
  5725 | D:5      | Slain by a wyvern

Illustrated notes

Levels and vault maps discovered:
D:1:      tarquinn_simple_flora_water_f, layout_loops_cross
D:2:      layout_loops_corners, uniq_jessica, uniq_terence
D:3:      layout_loops_cross, nicolae_overflow_ecumenical_swirl,
          shapermc_ecumenical_altar_mp_vishouse
D:4:      layout_cave_pools, serial_co_window_serial,
          co_window_of_opportunity_a, co_window_paths_b,
          co_window_of_opportunity_a, co_window_of_opportunity_a,
          co_window_of_opportunity_a, co_window_unsneaky_path_b,
          co_window_of_opportunity_b, co_window_of_opportunity_b,
          co_window_unsneaky_path_e, co_window_unsneaky_path_a,
          co_window_unsneaky_path_b, co_window_4corner_a, glass_columns_b,
          glass_columns_a, glass_columns_a, glass_columns_c, uniq_blork_the_orc,
          uniq_natasha
D:5:      layout_rooms, uniq_prince_ribbit1
D:6:      layout_basic, minmay_temple_entry_enclosed_plants

Skill      XL: |  1  2  3  4  5  6  7 |
---------------+----------------------+-----
Stealth        | 2 3 4 5 |  5.1
Ranged Weapons | 1 2 |  2.5
Dodging        | 1 2 |  2.0
Fighting       | 3 |  3.6
Short Blades   | 5 |  5.0
Poison Magic   | 1 |  1.5
Transmutations | 1 |  1.2
Fire Magic     | 1 |  1.2
Spellcasting   | |  1.5
Summonings     | |  2.0

Action                   |  1- 3 |  4- 6 |  7- 9 || total
-------------------------+-------+-------+-------++-------
Melee: Short sword       |    44 |    31 |       ||    75
       Punch             |       |     4 |     1 ||     5
       Dagger            |       |    91 |    35 ||   126
 Cast: Summon Small Mamm |       |     1 |       ||     1
 Abil: Spit Poison       |    15 |     1 |       ||    16
       Breathe Poison Ga |       |    23 |     6 ||    29
  Use: Scroll            |       |     3 |       ||     3
       Potion            |       |     1 |       ||     1
 Stab: Sleeping          |     2 |     6 |       ||     8
Armor: Robe              |    14 |    40 |     5 ||    59
Dodge: Dodged            |    24 |    55 |    17 ||    96
